TOP OF THE 1ST |
Colorado (EL) Rockies batting - Pitching for Columbia Fireflies : RHP Andy Carrell
|
Pitching: RHP Andy Carrell
|
|
Batting: LHB Nick Martin
|
0-0: Called Strike 0-1: Ball 1-1: SINGLE (Groundball, 34D, EV 100.0 MPH)
|
Batting: RHB Chris Osting
|
0-0: Ball Nick Martin is caught stealing 2nd base 2-4 1-0: Swinging Strike 1-1: Foul Ball, location: 2F 1-2: Ball 2-2: Ball 3-2: Strikes out swinging
|
Batting: SHB Jeff Sorrels
|
0-0: Ball 1-0: Called Strike 1-1: Ball 2-1: Ball 3-1: Called Strike 3-2: Foul Ball, location: 2F 3-2: Base on Balls
|
Batting: RHB Ray Insley
|
0-0: Called Strike 0-1: Foul Ball, location: 2F 0-2: Strikes out swinging
|
Top of the 1st over - 0 runs, 1 hit, 0 errors, 1 left on base; Colorado (EL) 0 - Columbia 0 |
BOTTOM OF THE 1ST |
Columbia Fireflies batting - Pitching for Colorado (EL) Rockies : RHP Pei Xie
|
Pitching: RHP Pei Xie
|
|
Batting: RHB Omar Novoa
|
0-0: Ball 1-0: Ball 2-0: Foul Ball, location: 2F 2-1: SINGLE (Groundball, 25, EV 76.2 MPH) (infield hit)
|
Batting: SHB Masatoshi Akahoshi
|
0-0: Ball 1-0: Ball 2-0: Ball 3-0: Called Strike 3-1: Base on Balls Omar Novoa to second
|
Batting: SHB Justin Wallace
|
0-0: Ball 1-0: Ball 2-0: Ball 3-0: Called Strike 3-1: Base on Balls Omar Novoa to third Masatoshi Akahoshi to second
|
Batting: RHB Masaya Nakamura
|
0-0: Called Strike 0-1: Grounds into double play, 4-6-3 (Groundball, 4, EV 91.9 MPH) Omar Novoa scores Masatoshi Akahoshi to third
|
Batting: RHB Jose Lara
|
0-0: Foul Ball, location: 2F 0-1: Ball 1-1: Ball 2-1: Ball 3-1: Ground out U3 (Groundball, 3, EV 105.0 MPH)
|
Bottom of the 1st over - 1 run, 1 hit, 0 errors, 1 left on base; Colorado (EL) 0 - Columbia 1 |
TOP OF THE 2ND |
Colorado (EL) Rockies batting - Pitching for Columbia Fireflies : RHP Andy Carrell
|
Batting: LHB Daniel Green
|
0-0: Ball 1-0: Ball 2-0: Ball 3-0: Swinging Strike 3-1: SINGLE (Line Drive, 9S, EV 86.9 MPH)
|
Batting: LHB Harry Folsom
|
0-0: Called Strike Daniel Green is caught stealing 2nd base 2-6 0-1: Foul Ball, location: 2F 0-2: Foul Ball, location: 2F 0-2: Ball 1-2: Ground out 4-3 (Groundball, 34D, EV 96.2 MPH)
|
Batting: RHB Willie Benito
|
0-0: Ball 1-0: Ball 2-0: Called Strike 2-1: SINGLE (Groundball, 6D, EV 99.4 MPH)
|
Batting: RHB Yamashita Yagi
|
0-0: Foul Ball, location: 2F 0-1: Fielders Choice at 2nd, 6-4 (Groundball, 6, EV 105.6 MPH)
|
Top of the 2nd over - 0 runs, 2 hits, 0 errors, 1 left on base; Colorado (EL) 0 - Columbia 1 |
BOTTOM OF THE 2ND |
Columbia Fireflies batting - Pitching for Colorado (EL) Rockies : RHP Pei Xie
|
Batting: LHB Preston Knaak
|
0-0: Swinging Strike 0-1: Called Strike 0-2: Ball 1-2: Strikes out swinging
|
Batting: RHB Larry Shoop
|
0-0: Called Strike 0-1: Ball 1-1: Swinging Strike 1-2: Strikes out looking
|
Batting: RHB Andy Carrell
|
0-0: Called Strike 0-1: Ball 1-1: Ball 2-1: Ball 3-1: Base on Balls
|
Batting: RHB Fathi Addae
|
0-0: Ball 1-0: Ball 2-0: Foul Ball, location: 2F 2-1: Ball 3-1: Foul Ball, location: 2F 3-2: Base on Balls Andy Carrell to second
|
Batting: RHB Omar Novoa
|
0-0: Ball 1-0: Ball 2-0: Ball 3-0: Base on Balls Andy Carrell to third Fathi Addae to second
|
Batting: SHB Masatoshi Akahoshi
|
0-0: Ball 1-0: Ball 2-0: SINGLE (Groundball, 56D, EV 106.9 MPH) Andy Carrell scores Fathi Addae to third Omar Novoa to second Runner from 3rd tries for Home, SAFE, throw by LF to home
|
Batting: SHB Justin Wallace
|
0-0: Ball 1-0: Foul Ball, location: 2F 1-1: SINGLE (Line Drive, 34, EV 107.5 MPH) Omar Novoa to third Masatoshi Akahoshi to second Runner from 3rd tries for Home, SAFE, throw by RF to home
|
Batting: RHB Masaya Nakamura
|
0-0: Fly out, F8 (Flyball, 8RM, EV 75.0 MPH)
|
Bottom of the 2nd over - 3 runs, 2 hits, 0 errors, 2 left on base; Colorado (EL) 0 - Columbia 4 |
TOP OF THE 3RD |
Colorado (EL) Rockies batting - Pitching for Columbia Fireflies : RHP Andy Carrell
|
Batting: RHB Pei Xie
|
0-0: Called Strike 0-1: Ball 1-1: Ball 2-1: Ball 3-1: Foul Ball, location: 2F 3-2: Strikes out swinging
|
Batting: LHB Nick Martin
|
0-0: Ball 1-0: Ball 2-0: Ground out 3-1 (Groundball, 34S, EV 83.1 MPH)
|
Batting: RHB Chris Osting
|
0-0: Called Strike 0-1: Ball 1-1: Called Strike 1-2: Ball 2-2: Ground out 2-3 (Groundball, 2L, EV 65.6 MPH)
|
Top of the 3rd over - 0 runs, 0 hits, 0 errors, 0 left on base; Colorado (EL) 0 - Columbia 4 |
BOTTOM OF THE 3RD |
Columbia Fireflies batting - Pitching for Colorado (EL) Rockies : RHP Pei Xie
|
Batting: RHB Jose Lara
|
0-0: SINGLE (Groundball, 56, EV 105.0 MPH) (infield hit)
|
Batting: LHB Preston Knaak
|
0-0: Swinging Strike 0-1: Swinging Strike 0-2: Ball 1-2: Ball 2-2: Ball 3-2: Base on Balls Jose Lara to second
|
Batting: RHB Larry Shoop
|
0-0: Called Strike 0-1: Fly out, F9 (Flyball, 9LS, EV 90.0 MPH)
|
Batting: RHB Andy Carrell
|
0-0: Ball 1-0: Foul Ball, location: 2F 1-1: Ball 2-1: SINGLE (Line Drive, 8RS, EV 105.0 MPH) Jose Lara to third Preston Knaak to second
|
Batting: RHB Fathi Addae
|
0-0: Ball 1-0: Ball 2-0: Called Strike 2-1: Foul Ball, location: 2F 2-2: Ball 3-2: Strikes out swinging
|
Batting: RHB Omar Novoa
|
0-0: Fly out, F7 (Flyball, 7LSF, EV 91.2 MPH)
|
Bottom of the 3rd over - 0 runs, 2 hits, 0 errors, 3 left on base; Colorado (EL) 0 - Columbia 4 |
TOP OF THE 4TH |
Colorado (EL) Rockies batting - Pitching for Columbia Fireflies : RHP Andy Carrell
|
Batting: SHB Jeff Sorrels
|
0-0: Called Strike 0-1: SINGLE (Groundball, 34D, EV 106.2 MPH) (infield hit)
|
Batting: RHB Ray Insley
|
0-0: Swinging Strike 0-1: Foul Ball, location: 2F 0-2: Ball 1-2: DOUBLE (Line Drive, 7LM, EV 108.8 MPH) Jeff Sorrels to third
|
Batting: LHB Daniel Green
|
0-0: Foul Ball, location: 2F 0-1: Foul Ball, location: 2F 0-2: Ball 1-2: Foul Ball, location: 2F 1-2: Strikes out swinging
|
Batting: LHB Harry Folsom
|
0-0: Called Strike 0-1: Ground out 4-3 (Groundball, 34, EV 108.8 MPH) Jeff Sorrels scores Ray Insley to third
|
Batting: RHB Willie Benito
|
0-0: Called Strike 0-1: SINGLE (Flyball, 9S, EV 95.6 MPH) Ray Insley scores
|
Batting: RHB Yamashita Yagi
|
0-0: Ball 1-0: Foul Ball, location: 2F 1-1: Ball 2-1: Fly out, F7 (Flyball, 7, EV 85.0 MPH)
|
Top of the 4th over - 2 runs, 3 hits, 0 errors, 1 left on base; Colorado (EL) 2 - Columbia 4 |
BOTTOM OF THE 4TH |
Columbia Fireflies batting - Pitching for Colorado (EL) Rockies : RHP Pei Xie
|
Batting: SHB Masatoshi Akahoshi
|
0-0: Ball 1-0: Foul Ball, location: 2F 1-1: Ball 2-1: Ball 3-1: Base on Balls
|
Batting: SHB Justin Wallace
|
0-0: Called Strike 0-1: Ball 1-1: Foul Ball, location: 2F 1-2: Ball 2-2: Foul Ball, location: 2F 2-2: Ball 3-2: Base on Balls Masatoshi Akahoshi to second
|
Batting: RHB Masaya Nakamura
|
0-0: Ball Masatoshi Akahoshi steals 3rd base 1-0: Ball 2-0: Ball 3-0: Base on Balls Justin Wallace to second
|
Batting: RHB Jose Lara
|
0-0: Ball 1-0: Ball 2-0: Ball 3-0: Base on Balls Masatoshi Akahoshi scores Justin Wallace to third Masaya Nakamura to second
|
Pitching: RHP Michael Conrad
|
|
Batting: LHB Preston Knaak
|
0-0: Foul Ball, location: 2F 0-1: Called Strike 0-2: Ball 1-2: Ball 2-2: Strikes out looking
|
Batting: RHB Larry Shoop
|
0-0: Ball 1-0: Foul Ball, location: 2F 1-1: Ball 2-1: Fielders Choice at 2nd, 4-6 (Groundball, 4, EV 88.8 MPH) Justin Wallace scores Masaya Nakamura to third
|
Batting: RHB Andy Carrell
|
0-0: Ball 1-0: Ball 2-0: Ball 3-0: Base on Balls Larry Shoop to second
|
Batting: RHB Fathi Addae
|
0-0: Called Strike 0-1: Ball 1-1: Swinging Strike 1-2: Strikes out swinging
|
Bottom of the 4th over - 2 runs, 0 hits, 0 errors, 3 left on base; Colorado (EL) 2 - Columbia 6 |
TOP OF THE 5TH |
Colorado (EL) Rockies batting - Pitching for Columbia Fireflies : RHP Andy Carrell
|
Batting: RHB Pei Xie
|
0-0: Fly out, F9 (Line Drive, 89M, EV 91.9 MPH)
|
Batting: LHB Nick Martin
|
0-0: Called Strike 0-1: Swinging Strike 0-2: Strikes out looking
|
Batting: RHB Chris Osting
|
0-0: Ball 1-0: Called Strike 1-1: Foul Ball, location: 2F 1-2: SINGLE (Line Drive, 7S, EV 100.6 MPH)
|
Batting: SHB Jeff Sorrels
|
0-0: Ball 1-0: Ball 2-0: Foul Ball, location: 2F 2-1: Ball 3-1: Foul Ball, location: 2F 3-2: Ground out 5-3 (Groundball, 56, EV 100.6 MPH)
|
Top of the 5th over - 0 runs, 1 hit, 0 errors, 1 left on base; Colorado (EL) 2 - Columbia 6 |
BOTTOM OF THE 5TH |
Columbia Fireflies batting - Pitching for Colorado (EL) Rockies : RHP Michael Conrad
|
Batting: RHB Omar Novoa
|
0-0: Ground out 3-1 (Groundball, 34S, EV 82.5 MPH)
|
Batting: SHB Masatoshi Akahoshi
|
0-0: Ground out 4-3 (Groundball, 4, EV 76.9 MPH)
|
Batting: SHB Justin Wallace
|
0-0: Ball 1-0: Foul Ball, location: 2F 1-1: Ball 2-1: Ball 3-1: Called Strike 3-2: Fly out, F9 (Line Drive, 9D, EV 90.6 MPH)
|
Bottom of the 5th over - 0 runs, 0 hits, 0 errors, 0 left on base; Colorado (EL) 2 - Columbia 6 |
TOP OF THE 6TH |
Colorado (EL) Rockies batting - Pitching for Columbia Fireflies : RHP Andy Carrell
|
Pitching: LHP Keith Noftall
|
|
Batting: RHB Ray Insley
|
0-0: Called Strike 0-1: Foul Ball, location: 2F 0-2: Foul Ball, location: 2F 0-2: Fly out, F8 (Flyball, 78M, EV 94.4 MPH)
|
Batting: LHB Daniel Green
|
0-0: Ball 1-0: Called Strike 1-1: Fly out, F9 (Flyball, 89M, EV 85.0 MPH)
|
Batting: LHB Harry Folsom
|
0-0: Ball 1-0: Foul Ball, location: 2F 1-1: Ball 2-1: Reached on error, E9 (Flyball, 9LS, EV 91.9 MPH)
|
Batting: RHB Willie Benito
|
0-0: Ball 1-0: Fly out, F7 (Line Drive, 7, EV 90.6 MPH)
|
Top of the 6th over - 0 runs, 0 hits, 1 error, 1 left on base; Colorado (EL) 2 - Columbia 6 |
BOTTOM OF THE 6TH |
Columbia Fireflies batting - Pitching for Colorado (EL) Rockies : RHP Michael Conrad
|
Batting: RHB Masaya Nakamura
|
0-0: Ball 1-0: Called Strike 1-1: Foul Ball, location: 2F 1-2: SINGLE (Groundball, 34D, EV 109.4 MPH)
|
Batting: RHB Jose Lara
|
0-0: Grounds into double play, 4-6-3 (Groundball, 4, EV 96.9 MPH)
|
Batting: LHB Preston Knaak
|
0-0: Called Strike 0-1: Called Strike 0-2: Ball 1-2: Fly out, F4 (Popup, 13, EV 75.0 MPH)
|
Bottom of the 6th over - 0 runs, 1 hit, 0 errors, 0 left on base; Colorado (EL) 2 - Columbia 6 |
TOP OF THE 7TH |
Colorado (EL) Rockies batting - Pitching for Columbia Fireflies : LHP Keith Noftall
|
Batting: RHB Yamashita Yagi
|
0-0: Swinging Strike 0-1: Ball 1-1: Ball 2-1: Foul Ball, location: 2F 2-2: Strikes out swinging
|
Batting: RHB Pei Xie
|
0-0: Ball 1-0: SINGLE (Groundball, 6D, EV 100.6 MPH)
|
Batting: LHB Nick Martin
|
0-0: Ball 1-0: Foul Ball, location: 2F 1-1: Ball 2-1: Foul Ball, location: 2F 2-2: Ball 3-2: Ground out 5-3 (Groundball, 56, EV 81.9 MPH) Pei Xie to second
|
Batting: RHB Chris Osting
|
0-0: Called Strike 0-1: Foul Ball, location: 2F 0-2: Ball 1-2: Ground out U3 (Groundball, 34, EV 86.9 MPH)
|
Top of the 7th over - 0 runs, 1 hit, 0 errors, 1 left on base; Colorado (EL) 2 - Columbia 6 |
BOTTOM OF THE 7TH |
Columbia Fireflies batting - Pitching for Colorado (EL) Rockies : RHP Michael Conrad
|
Pitching: RHP Dane Long
|
|
Batting: RHB Larry Shoop
|
0-0: Swinging Strike 0-1: Ball 1-1: DOUBLE (Line Drive, 89D, EV 106.9 MPH)
|
Batting: RHB Andy Carrell
|
0-0: Ball 1-0: Bunted foul 1-1: Bunted foul 1-2: Fly out, F9 (Flyball, 9D, EV 94.4 MPH) Runner from 2nd tags up, SAFE at 3rd, no throw by RF
|
Batting: RHB Fathi Addae
|
0-0: SINGLE (Flyball, 89M, EV 83.1 MPH) Larry Shoop scores
|
Batting: RHB Omar Novoa
|
0-0: Grounds into double play, 4-6-3 (Groundball, 34, EV 105.0 MPH)
|
Bottom of the 7th over - 1 run, 2 hits, 0 errors, 0 left on base; Colorado (EL) 2 - Columbia 7 |
TOP OF THE 8TH |
Colorado (EL) Rockies batting - Pitching for Columbia Fireflies : LHP Keith Noftall
|
Batting: SHB Jeff Sorrels
|
0-0: Ball 1-0: SINGLE (Groundball, 4D, EV 99.4 MPH)
|
Batting: RHB Ray Insley
|
0-0: Ball 1-0: Ball 2-0: Ball 3-0: Base on Balls Jeff Sorrels to second
|
Pitching: RHP Tyler Lybrand
|
|
Batting: LHB Daniel Green
|
0-0: Called Strike 0-1: Ball 1-1: Foul Ball, location: 2F 1-2: Strikes out swinging
|
Batting: LHB Harry Folsom
|
0-0: Ball 1-0: Called Strike 1-1: Called Strike 1-2: Foul Ball, location: 2F 1-2: Ball 2-2: Ball 3-2: Fielders Choice at 2nd, 4-6 (Groundball, 34, EV 80.6 MPH) Jeff Sorrels to third
|
Batting: RHB Willie Benito
|
0-0: Ball 1-0: SINGLE (Groundball, 13, EV 93.8 MPH) (infield hit) Jeff Sorrels scores Harry Folsom to second
|
Batting: RHB Yamashita Yagi
|
0-0: Called Strike 0-1: SINGLE (Groundball, 6D, EV 106.9 MPH) Harry Folsom to third Willie Benito to second
|
Batting: LHB Iehohs Inatho
|
0-0: Called Strike 0-1: Foul Ball, location: 2F 0-2: Strikes out swinging
|
Top of the 8th over - 1 run, 3 hits, 0 errors, 3 left on base; Colorado (EL) 3 - Columbia 7 |
BOTTOM OF THE 8TH |
Columbia Fireflies batting - Pitching for Colorado (EL) Rockies : RHP Dane Long
|
Pitching: RHP Manny Lebron
|
|
Batting: SHB Masatoshi Akahoshi
|
0-0: Ground out 1-3 (Groundball, 13S, EV 68.1 MPH)
|
Batting: SHB Justin Wallace
|
0-0: Ball 1-0: Called Strike 1-1: Ball 2-1: SINGLE (Line Drive, 6D, EV 95.6 MPH)
|
Batting: RHB Masaya Nakamura
|
0-0: Fielders Choice at 2nd, 6-4 (Groundball, 6S, EV 79.4 MPH)
|
Batting: RHB Jose Lara
|
0-0: Called Strike 0-1: Called Strike 0-2: Fielders Choice at 2nd, 6-4 (Groundball, 6, EV 106.9 MPH)
|
Bottom of the 8th over - 0 runs, 1 hit, 0 errors, 1 left on base; Colorado (EL) 3 - Columbia 7 |
TOP OF THE 9TH |
Colorado (EL) Rockies batting - Pitching for Columbia Fireflies : RHP Tyler Lybrand
|
Batting: LHB Nick Martin
|
0-0: Ball 1-0: Called Strike 1-1: Ball 2-1: Ground out 6-3 (Groundball, 56D, EV 103.8 MPH)
|
Batting: RHB Chris Osting
|
0-0: Foul Ball, location: 2F 0-1: Foul Ball, location: 2F 0-2: Strikes out swinging
|
Batting: SHB Jeff Sorrels
|
0-0: Ball 1-0: Ball 2-0: Ball 3-0: Called Strike 3-1: Fly out, F8 (Flyball, 8LS, EV 92.5 MPH)
|
Top of the 9th over - 0 runs, 0 hits, 0 errors, 0 left on base; Colorado (EL) 3 - Columbia 7 |
|